 Dungeon Crawl Stone Soup version 0.32-a0-872-g59262bdc9b (webtiles) character file.

Game seed: 7096048443261859506

3425 funkygono the Thaumaturge (level 9, -2/45 HPs)
             Began as a Deep Elf Fire Elementalist on Mar 30, 2024.
             Was a Follower of Sif Muna.
             Slain by an orc warrior
             ... wielding a +0 trident
              (8 damage)
             ... on level 8 of the Dungeon.
             The game lasted 00:15:02 (7604 turns).

funkygono the Thaumaturge (DEFE)                    Turns: 7604, Time: 00:15:02

Health: -2/45      AC:  6    Str:  5    XL:     9   Next: 76%
Magic:  19/27      EV: 17    Int: 25    God:    Sif Muna [*.....]
Gold:   438        SH:  0    Dex: 15    Spells: 22/32 levels left

rFire   . . .        y - staff of death
rCold   . . .        (no shield)
rNeg    + . .        a - +0 robe
rPois   .            i - +0 helmet
rElec   .            l - +0 cloak
rCorr   .            (no gloves)
SInv    .            t - +1 pair of boots
Will    +....        (no amulet)
Stlth   ++           h - ring of willpower
HPRegen 0.27/turn    x - +5 ring of evasion
MPRegen 0.20/turn

%: no passive effects
@: no status effects
A: no striking features
a: Renounce Religion, Channel Magic


You were on level 8 of the Dungeon.
You worshipped Sif Muna.
Sif Muna was aware of your devotion.
You visited 1 branch of the dungeon, and saw 8 of its levels.

You collected 438 gold pieces.

Inventory:

Hand Weapons
 d - a +1 vampiric dagger
 q - a +3 short sword of freezing
Armour
 a - a +0 robe (worn)
 i - a +0 helmet (worn)
 l - a +0 cloak (worn)
 t - a +1 pair of boots (worn)
Magical Staves
 y - a staff of death (weapon)
Jewellery
 h - a ring of willpower (left hand)
 s - a ring of protection from cold
 x - a +5 ring of evasion (right hand)
Talismans
 n - a blade talisman
Wands
 p - a wand of iceblast (9)
 v - a wand of light (14)
 C - a wand of polymorph (10)
Scrolls
 c - a scroll of butterflies
 e - 2 scrolls of poison
 r - a scroll of amnesia
 u - a scroll of vulnerability
 z - a scroll of brand weapon
 B - a scroll of immolation {unknown}
Potions
 b - 2 potions of magic
 f - a potion of enlightenment
 g - 2 potions of invisibility
 j - 4 potions of haste
 k - 2 potions of heal wounds
 m - 2 potions of curing
 o - a potion of attraction
 w - a potion of mutation {unknown}
 A - a potion of might {unknown}


   Skills:
 + Level 0.2 Fighting
 + Level 3.6 Dodging
 + Level 3.1 Stealth
 + Level 12.0 Spellcasting
 + Level 6.6 Conjurations
 + Level 3.2 Necromancy
 + Level 9.1 Fire Magic


You had 22 spell levels left.
You knew the following spells:

 Your Spells              Type           Power      Damage    Failure   Level
a - Foxfire               Conj/Fire      100%       2x1d9     1%          1
b - Scorch                Fire           100%       2d9       1%          2
c - Flame Wave            Conj/Fire      53%        2d13      1%          4
d - Sting                 Conj/Alch      100%       1d9       1%          1
e - Kiss of Death         Conj/Necr      100%       2d13      1%          1
f - Necrotise             Necr           100%       1d9       1%          1

Your spell library contained the following spells:

 Spells                   Type           Power      Damage    Failure   Level
 Shock                    Conj/Air       100%       1d9       1%          1
 Momentum Strike          Conj/Tloc      62%        3d9       1%          2
 Inner Flame              Hex/Fire       37%        N/A       1%          3
 Volatile Blastmotes      Fire/Tloc      74%        2d16      1%          3
 Cigotuvi's Dreadful Rot  Necr/Alch/Air  60%        N/A       3%          2
 Vampiric Draining        Necr           46%        2d9       3%          3
 Slow                     Hex            60%        N/A       4%          1
 Blink                    Tloc           30%        N/A       6%          2
 Lesser Beckoning         Tloc           30%        N/A       6%          2
 Mercury Vapours          Alch/Air       30%        N/A       6%          2
 Dispel Undead            Necr           46%        3d18      11%         4
 Confusing Touch          Hex            15%        N/A       12%         3
 Swiftness                Air            15%        N/A       12%         3
 Martyr's Knell           Necr/Summ      34%        N/A       21%         4
 Curse of Agony           Necr           46%        N/A       30%         5
 Airstrike                Air            7%         2d(2-18)  36%         4
 Olgreb's Toxic Radiance  Alch           15%        N/A       36%         4


Dungeon Overview and Level Annotations

Branches:
Dungeon (8/15)             Temple (0/1) D:6            Lair (0/5) D:8

Altars:
Ashenzari
Fedhas
Gozag
Hepliaklqana
Kikubaaqudgha
Makhleb
Qazlal
Ru
Sif Muna
Uskayaw
Vehumet
Yredelemnul

Shops:
D:5 :


Message History

The orc attacks as it pursues you! The orc completely misses you.
The orc warrior attacks as it pursues you!
The orc warrior closely misses you.
The orc warrior attacks as it pursues you!
The orc warrior hits you from afar with a +0 trident.
The orc warrior attacks as it pursues you!
The orc warrior closely misses you.
There is an escape hatch in the ceiling here.
Casting: Necrotise (safe; 1% risk of failure)
Confirm with . or Enter, or press ? or * to list all spells.
You conjure some foxfire!
The orc hits you but does no damage. The orc warrior completely misses you.
Casting: Foxfire (safe; 1% risk of failure)
Confirm with . or Enter, or press ? or * to list all spells.
Flames lash the orc but do no damage.
The foxfire hits the orc.
The orc is heavily wounded.
The foxfire hits the orc.
You kill the orc!
Sif Muna accepts your kill.
The orc warrior hits you from afar with a +0 trident!
The orc warrior attacks as it pursues you!
The orc warrior hits you from afar with a +0 trident!
* * * LOW HITPOINT WARNING * * *
Casting: Scorch (safe; 1% risk of failure)
Confirm with . or Enter, or press ? or * to list all spells.
You conjure some foxfire!
The orc warrior hits you but does no damage.
Casting: Foxfire (safe; 1% risk of failure)
Confirm with . or Enter, or press ? or * to list all spells.
Flames lash the orc warrior.
The orc warrior is heavily wounded.
The orc warrior's fire resistance burns away.
The foxfire hits the orc warrior.
The orc warrior is burned terribly!
The orc warrior is severely wounded.
The foxfire hits the orc warrior but does no damage.
The orc warrior is severely wounded.
The orc warrior misses you.
The orc warrior attacks as it pursues you!
The orc warrior hits you from afar with a +0 trident!
You die...

#..#......########
#.#####........... #.#
..#....... #.#
......... #####.###
.>....?. #.......#
#.......
#.......#######..)....
#......)#...........).
#....@.o)Z#####.......
#.....ยง.### #.......
#.......# #.......
#.......# #.......
#.......# ##......
#.......# #.....
######### #####


You could see an orc warrior (combustible, ally target) and a friendly orc
skeleton.

Vanquished Creatures
  A wyvern (D:8)
  A yak (D:8)
  A basilisk (D:8)
  Menkaure (D:7)
  3 water moccasins
  2 black bears
  2 ice beasts
  An ogre (D:5)
  8 centaurs
  2 phantoms
  A kobold brigand (D:8)
  A bullfrog (D:7)
  4 wights (D:7)
  2 howler monkeys (D:7)
  A bombardier beetle (D:4)
  2 orc priests
  3 hounds
  A gnoll bouda (D:7)
  15 orc wizards
  11 gnolls
  8 adders
  2 white imps
  4 ufetubi
  A dart slug (D:1)
  2 ribbon worms (D:2)
  20 orcs
  2 ball pythons (D:1)
  10 endoplasms
  A giant cockroach (D:4)
  12 goblins
  7 hobgoblins
  3 jackals (D:3)
  4 quokkas
  7 bats
  2 frilled lizards (D:1)
  13 kobolds
  8 rats
169 creatures vanquished.

Vanquished Creatures (others)
  609 foxfires
609 creatures vanquished.

Grand Total: 778 creatures vanquished

Notes
Turn   | Place    | Note
-------+----------+-------------------------------------------
     0 | D:1      | funkygono the Deep Elf Fire Elementalist began the quest
                  | for the Orb.
     0 | D:1      | Reached XP level 1. HP: 10/10 MP: 6/6
   191 | D:1      | Reached XP level 2. HP: 15/15 MP: 6/8
   194 | D:1      | Learned a level 2 spell: Scorch
   559 | D:1      | Reached XP level 3. HP: 19/19 MP: 5/9
  1889 | D:3      | Identified the +2 mace of Okawaru's Generosity {freeze,
                  | rC++ Dex-3}
  2032 | D:3      | Found a sacrificial altar of Ru.
  2045 | D:3      | Found a radiant altar of Vehumet.
  2127 | D:3      | Found a burning altar of Makhleb.
  2356 | D:3      | Reached XP level 4. HP: 24/24 MP: 8/11
  2361 | D:3      | Reached skill level 4 in Spellcasting
  2455 | D:3      | Identified the +0 leather armour "Vumymig" {Rampage}
  2750 | D:3      | Learned a level 4 spell: Flame Wave
  2844 | D:4      | Found an ancient bone altar of Kikubaaqudgha.
  3019 | D:4      | Reached skill level 5 in Fire Magic
  3019 | D:4      | Reached XP level 5. HP: 24/28 MP: 8/13
  3023 | D:4      | Reached skill level 5 in Spellcasting
  3227 | D:4      | Noticed a phantom
  3235 | D:4      | Killed a phantom
  3236 | D:4      | Reached skill level 6 in Spellcasting
  3236 | D:4      | Reached XP level 6. HP: 32/32 MP: 11/17
  3283 | D:4      | Learned a level 1 spell: Sting
  3285 | D:4      | Learned a level 1 spell: Kiss of Death
  3369 | D:4      | Found a stormy altar of Qazlal.
  4009 | D:5      | Entered Level 5 of the Dungeon
  4047 | D:5      | Found Boaziarr's Book Emporium.
  4094 | D:5      | Reached skill level 7 in Spellcasting
  4180 | D:5      | Reached XP level 7. HP: 22/36 MP: 11/19
  4542 | D:5      | Reached skill level 8 in Spellcasting
  4586 | D:5      | You fall into a shaft and drop 2 floors!
  4628 | D:7      | Reached XP level 8. HP: 35/41 MP: 7/22
  4879 | D:7      | Reached skill level 9 in Spellcasting
  5062 | D:7      | Noticed Menkaure
  5072 | D:7      | Killed Menkaure
  5161 | D:7      | Found a broken altar of Ashenzari.
  5251 | D:7      | Reached skill level 5 in Conjurations
  5437 | D:6      | Found a shimmering blue altar of Sif Muna.
  5496 | D:6      | Became a worshipper of Sif Muna the Loreminder
  5531 | D:6      | Reached skill level 10 in Spellcasting
  5847 | D:5      | Found a basalt altar of Yredelemnul.
  6007 | D:5      | Reached XP level 9. HP: 45/45 MP: 19/25
  6042 | D:5      | Found a hide-covered altar of Uskayaw.
  6108 | D:5      | Learned a level 1 spell: Necrotise
  6140 | D:6      | Found a staircase to the Ecumenical Temple.
  6299 | D:6      | Reached skill level 11 in Spellcasting
  6704 | D:6      | Found a blossoming altar of Fedhas.
  6973 | D:7      | Found an opulent altar of Gozag.
  7042 | D:7      | Reached skill level 1 in Necromancy
  7114 | D:7      | Found a hazy altar of Hepliaklqana.
  7288 | D:8      | Found a staircase to the Lair.
  7300 | D:8      | Reached * piety under Sif Muna
  7503 | D:8      | Reached skill level 12 in Spellcasting
  7604 | D:8      | Slain by an orc warrior

Illustrated notes

Levels and vault maps discovered:
D:1:      erik_arrival_orb_chamber, layout_basic, minmay_distorted
D:2:      minmay_general_purpose_star, layout_rooms,
          hangedman_decor_clover_reticule
D:3:      layout_basic, mainiacjoe_overflow_brackets, bloody_makhleb,
          mainiacjoe_overflow_chevrons
D:4:      layout_loops_cross, general_overflow_altar,
          mainiacjoe_overflow_boulevard, minmay_a_box_with_orc_wizards_in_it
D:5:      layout_basic, lemuel_crystal_altar, mainiacjoe_overflow_alcove_2,
          serial_shops, shop
D:6:      layout_cave_pools, overflow_temple_1_default, fedhas_altar_fruit_tree,
          minmay_temple_entry_grid, nrook_campfire, palyth_stone_intersect,
          centaur_isle
D:7:      layout_basic, lemuel_round_altar, mainiacjoe_overflow_alcove_4,
          nicolae_gozag_seed_capital, uniq_menkaure
D:8:      minmay_weird_star, layout_rooms, kennysheep_little_box,
          david_lair_generic

Skill      XL: |  1  2  3  4  5  6  7  8  9 |
---------------+----------------------------+-----
Fire Magic     | 4 5 6 7 9 |  9.1
Spellcasting   | 4 6 7 8 10 12 | 12.0
Conjurations   | 2 4 5 6 |  6.6
Stealth        | 3 |  3.1
Dodging        | 3 |  3.6
Necromancy     | 3 |  3.2
Fighting       | |  0.2

Action                     |  1- 3 |  4- 6 |  7- 9 || total
---------------------------+-------+-------+-------++-------
  Melee: Dagger            |       |     1 |     2 ||     3
   Cast: Foxfire           |   103 |    63 |   197 ||   363
         Scorch            |     9 |    18 |    27 ||    54
         Kiss of Death     |       |     2 |     1 ||     3
         Sting             |       |       |     1 ||     1
         Necrotise         |       |       |    28 ||    28
    Use: Scroll            |       |    16 |     4 ||    20
         Potion            |       |     1 |       ||     1
 Armour: Robe              |     4 |    21 |    30 ||    55
  Dodge: Dodged            |     7 |    15 |    44 ||    66

Table legend: (Time is in decaauts)
 A = Elapsed time spent in this place.
 B = Non-inter-level travel time spent in this place.
 C = Inter-level travel time spent in this place.
 D = Time resting spent in this place.
 E = Time spent auto-exploring this place.
 F = Levels seen in this place.
 G = Mean time per level.
                   A        B        C        D        E       F      G
               +--------+--------+--------+--------+--------+-----+--------+
         Total |   7603 |   7434 |    169 |     82 |   6183 |   8 |  950.4 |
       Dungeon |   7603 |   7434 |    169 |     82 |   6183 |   8 |  950.4 |
               +--------+--------+--------+--------+--------+-----+--------+

Top non-repeatable levels by time:
     D:5: 1160 daAuts
     D:7: 1156 daAuts
     D:4: 1085 daAuts
     D:3: 1047 daAuts
     D:1: 983 daAuts
     D:6: 980 daAuts
     D:2: 894 daAuts
     D:8: 295 daAuts
